Workbook
Name список: #REF!
Name список: #REF!
Name список: #REF!
Name список: #REF!

Sheet Информация о Чемпионате
A3: Компетенция (основная/юниоры) | B3: Фельдшер по медицинской реабилитации
A4: Наименование этапа Чемпионата | B4: Финальный этап Чемпионатного движения по профессиональному мастерству «Профессионалы» в 2026 г
A5: Субъект РФ (регион проведения) | B5: Санкт-Петербург
A6: Базовая организация расположения конкурсной площадки | B6: Конгрессно-выставочный центр «Экспофорум»
A7: Адрес конкурсной площадки | B7: Санкт-Петербург, Петербургское шоссе, 64/1
A8: Даты проведения | B8: 29.11.2026 - 04.12.2026
A9: Главный эксперт | B9: Бахтина Ирина Сергеевна
A10: Электронная почта ГЭ | B10: ibakhtina@yandex.ru
A11: Моб.телефон ГЭ | B11: 8(921)9074717
A12: Технический администратор площадки
A13: Электронная почта ТАП
A14: Моб.телефон ТАП
A15: Количество конкурсантов | B15: 10
A16: Количество рабочих мест | B16: 10
A17: Количество экспертов (ГЭ+ЭН+ИЭ+МЭ)+ТАП+Технический ассистент ТАП | B17: 33
A20: ЭН - эксперт-наставник
A21: ГЭ - главный эксперт
A22: ИЭ - индустриальный эксперт
A23: МЭ - международный эксперт
A24: ТАП - технический администратор площадки
A25: Технический ассистент ТАП

Sheet Общая инфраструктура
A1: Инфраструктурный лист для оснащения конкурсной площадки
A2: ='Информация о Чемпионате'!B4 -> Финальный этап Чемпионатного движения по профессиональному мастерству «Профессионалы» в 2026 г
A3: по компетенции
A4: ='Информация о Чемпионате'!B3 -> Фельдшер по медицинской реабилитации
A5: Основная информация о конкурсной площадке:
A6: Субъект Российской Федерации: | C6: ='Информация о Чемпионате'!B5 -> Санкт-Петербург
A7: Базовая организация расположения конкурсной площадки: | D7: ='Информация о Чемпионате'!B6 -> Конгрессно-выставочный центр «Экспофорум»
A8: Адрес базовой организации: | C8: ='Информация о Чемпионате'!B7 -> Санкт-Петербург, Петербургское шоссе, 64/1
A9: Главный эксперт: | C9: ='Информация о Чемпионате'!B9 -> Бахтина Ирина Сергеевна | E9: ='Информация о Чемпионате'!B10 -> ibakhtina@yandex.ru | G9: ='Информация о Чемпионате'!B11 -> 8(921)9074717
A10: Технический администратор площадки: | C10: ='Информация о Чемпионате'!B12 -> 0 | E10: ='Информация о Чемпионате'!B13 -> 0 | G10: ='Информация о Чемпионате'!B14 -> 0
A11: Количество экспертов (ЭН+ГЭ+ИЭ) + ТАП: | C11: ='Информация о Чемпионате'!B17 -> 33
A12: Количество конкурсантов: | C12: ='Информация о Чемпионате'!B15 -> 10
A13: Количество рабочих мест: | C13: ='Информация о Чемпионате'!B16 -> 10
A14: Даты проведения: | C14: ='Информация о Чемпионате'!B8 -> 29.11.2026 - 04.12.2026
A15: Общая/брифинг зона конкурсной площадки (оборудование, инструмент, мебель)
A16: Требования к обеспечению зоны (коммуникации, площадь, сети, количество рабочих мест и др.):
A17: Площадь зоны: не менее 20 кв.м.
A18: Освещение: Допустимо верхнее искусственное освещение ( не менее 300 люкс)
A19: Интернет : Подключение ноутбуков к беспроводному интернету (с возможностью подключения к проводному интернету)
A20: Локальная сеть: требуется; скорость подключения 1000 Мбит/с; количество точек подключения 12
A21: Скорость подключения к локальному/беспроводному интернету - основной канал на скорости до 100 Мбит/с, по резервному каналу на скорости до 100 Мбит/с
A22: Электричество: 220 Вольт подключения к сети
A23: Контур заземления для электропитания и сети слаботочных подключений (при необходимости) : не требуется
A24: Покрытие пола: напольная плитка на всю зону
A25: Подведение/ отведение ГХВС (при необходимости): требуется/не требуется
A26: Подведение сжатого воздуха (при необходимости): требуется/не требуется
... A28: Особые требования к площадке проведения (из правил компетенции) не требуется
A29: № | B29: Наименование | C29: Краткие (рамочные) технические характеристики | D29: Вид | E29: Количество на одного участника | F29: Единица измерения | G29: Итоговое количество | H29: Рекомендации представителей индустрии (указывается конкретное оборудование) | I29: Ориентировочная стоимость за 1 шт.
A30: 1 | B30: Стол офисный | C30: 1200х600х750 мм | D30: Мебель | E30: 1 | F30: шт | G30: 6
A31: 2 | B31: Стул ученический | C31: Длина 1200 мм, глубина 500, высота - регулируется от 640 до 760 мм. Материал изделия - плита МДФ. Материал покрытия ламинированный пластик. | D31: Мебель | E31: 1 | F31: шт | G31: 6
A32: 3 | B32: Вешалка | C32: Гардеробная напольная вешалка. На опоре. Двухсторонняя на 48 крючков, расположенных с обеих сторон. Каркас - металлическая труба квадратного сечения - 20*20 мм. Материал ЛДСП 16 мм. Цвет ясень шимо светлый. Вес 17 кг. Габариты 1170*400*1700 мм (или аналог) | D32: Мебель | E32: 1 | F32: шт | G32: 2
A33: 4 | B33: Зеркало | C33: Напольное | D33: Мебель | E33: 1 | F33: шт | G33: 1
A34: 5 | B34: Часы настенные | C34: Настенные, предназначены для контроля времени | D34: Мебель и фурнитура | E34: 1 | F34: шт | G34: 1
A35: 6 | B35: Бейдж | C35: Ламинированный, вертикальный, на ленте | D35: Канцелярские товары | E35: 1 | F35: шт | G35: 1
A36: 7 | B36: Магнитофон с усилителем звука | C36: переносной магнитофон/колонка с усилителем звука | D36: Оборудование и инструменты | E36: 1 | F36: шт | G36: 1
A37: 8 | B37: Корзина для мусора | C37: Предназначена для сбора бытового мусора. Материал - пластик. Цвет: черный. Объем: 10 л. Форма круглая. Высота 29 см, длина 26,5 см, ширина 23 см. Вес 0,15 кг. | D37: Мебель | E37: 1 | F37: шт | G37: 6
A38: Комната Конкурсантов (оборудование, инструмент, мебель) (по количеству конкурсантов)
A39: Требования к обеспечению зоны (коммуникации, площадь, сети, количество рабочих мест и др.):
A40: Площадь зоны: не менее 20 кв.м.
A41: Освещение: Допустимо верхнее искусственное освещение ( не менее 300 люкс)
A42: Интернет : Подключение ноутбуков к беспроводному интернету (с возможностью подключения к проводному интернету)
A43: Локальная сеть: требуется; скорость подключения 1000 Мбит/с; количество точек подключения 12
A44: Скорость подключения к локальному/беспроводному интернету - основной канал на скорости до 100 Мбит/с, по резервному каналу на скорости до 100 Мбит/с
A45: Электричество: 220 Вольт подключения к сети
A46: Контур заземления для электропитания и сети слаботочных подключений (при необходимости) : не требуется
A47: Покрытие пола: напольная плитка на всю зону
A48: Подведение/ отведение ГХВС (при необходимости): требуется/не требуется
A49: Подведение сжатого воздуха (при необходимости): требуется/не требуется
... A51: Особые требования к площадке проведения (из правил компетенции) не требуется
A52: № | B52: Наименование | C52: Краткие (рамочные) технические характеристики | D52: Вид | E52: Количество на одного участника | F52: Единица измерения | G52: Итоговое количество | H52: Рекомендации представителей индустрии (указывается конкретное оборудование) | I52: Ориентировочная стоимость за 1 шт.
A53: 1 | B53: Стол офисный | C53: 1200х600х750 мм | D53: Мебель | E53: 1 | F53: шт | G53: 6
A54: 2 | B54: Стул ученический | C54: Длина 1200 мм, глубина 500, высота - регулируется от 640 до 760 мм. Материал изделия - плита МДФ. Материал покрытия ламинированный пластик. | D54: Мебель | E54: 1 | F54: шт | G54: 6
A55: 3 | B55: Вешалка | C55: Гардеробная напольная вешалка. На опоре. Двухсторонняя на 48 крючков, расположенных с обеих сторон. Каркас - металлическая труба квадратного сечения - 20*20 мм. Материал ЛДСП 16 мм. Цвет ясень шимо светлый. Вес 17 кг. Габариты 1170*400*1700 мм (или аналог) | D55: Мебель | E55: 1 | F55: шт | G55: 2
A56: 4 | B56: Зеркало | C56: Напольное | D56: Мебель | E56: 1 | F56: шт | G56: 1
A57: 5 | B57: Часы настенные | C57: Настенные, предназначены для контроля времени | D57: Мебель и фурнитура | E57: 1 | F57: шт | G57: 1
A58: 6 | B58: Бейдж | C58: Ламинированный, вертикальный, на ленте | D58: Канцелярские товары | E58: 1 | F58: шт | G58: 12
A59: 7 | B59: Шкаф для хранения личных вещей | C59: на усмотрение организаторов | D59: Мебель | E59: 1 | F59: шт | G59: 1
A60: Комната Волонтеров/Актеров (оборудование, инструмент, мебель) (по количеству волонтеров)
A61: Требования к обеспечению зоны (коммуникации, площадь, сети, количество рабочих мест и др.):
A62: Площадь зоны: не менее 20 кв.м.
A63: Освещение: Допустимо верхнее искусственное освещение ( не менее 300 люкс)
A64: Интернет : Подключение ноутбуков к беспроводному интернету (с возможностью подключения к проводному интернету)
A65: Локальная сеть: требуется; скорость подключения 1000 Мбит/с; количество точек подключения 12
A66: Скорость подключения к локальному/беспроводному интернету - основной канал на скорости до 100 Мбит/с, по резервному каналу на скорости до 100 Мбит/с
A67: Электричество: 220 Вольт подключения к сети
A68: Контур заземления для электропитания и сети слаботочных подключений (при необходимости) : не требуется
A69: Покрытие пола: напольная плитка на всю зону
A70: Подведение/ отведение ГХВС (при необходимости): требуется/не требуется
A71: Подведение сжатого воздуха (при необходимости): требуется/не требуется
... A73: Особые требования к площадке проведения (из правил компетенции) не требуется
A74: № | B74: Наименование | C74: Краткие (рамочные) технические характеристики | D74: Вид | E74: Количество на одного участника | F74: Единица измерения | G74: Итоговое количество | H74: Рекомендации представителей индустрии (указывается конкретное оборудование) | I74: Ориентировочная стоимость за 1 шт.
A75: 1 | B75: Стол | C75: 1400х650х750 мм | D75: Мебель | E75: 1 | F75: шт. | G75: 2
A76: 2 | B76: Стул | C76: Cтул офисный со спинкой на ножках | D76: Мебель | E76: 1 | F76: шт. | G76: 10
A77: 3 | B77: Запираемый шкафчик (локер) | C77: Металлический шкаф на 4 секции; 1850х300х500 мм | D77: Мебель | E77: 1 | F77: шт. | G77: 4
A78: 4 | B78: Вешалка гардеробная | C78: Вешалка напольная; 22 крючка | D78: Мебель | E78: 1 | F78: шт. | G78: 1
A79: 5 | B79: Кулер для воды 19 л. | C79: Кулер с функцией холодная/горячая вода | D79: Оборудование и инструменты | E79: 1 | F79: шт. | G79: 1
A80: 6 | B80: Мусорная корзина | C80: Корзина для бумаг и мусора 10 литров, пластик, сетчатая, микс | D80: Мебель | E80: 1 | F80: шт. | G80: 2
A81: Комната Экспертов (включая комнату Главного эксперта) (оборудование, инструмент, мебель) (по количеству экспертов)
A82: Требования к обеспечению зоны (коммуникации, площадь, сети, количество рабочих мест и др.):
A83: Площадь зоны: не менее 20 кв.м.
A84: Освещение: Допустимо верхнее искусственное освещение ( не менее 300 люкс)
A85: Интернет : Подключение ноутбуков к беспроводному интернету (с возможностью подключения к проводному интернету)
A86: Локальная сеть: требуется; скорость подключения 1000 Мбит/с; количество точек подключения 12
A87: Скорость подключения к локальному/беспроводному интернету - основной канал на скорости до 100 Мбит/с, по резервному каналу на скорости до 100 Мбит/с
A88: Электричество: 220 Вольт подключения к сети
A89: Контур заземления для электропитания и сети слаботочных подключений (при необходимости) : не требуется
A90: Покрытие пола: напольная плитка на всю зону
A91: Подведение/ отведение ГХВС (при необходимости): требуется/не требуется
A92: Подведение сжатого воздуха (при необходимости): требуется/не требуется
... A94: Особые требования к площадке проведения (из правил компетенции) не требуется
A95: № | B95: Наименование | C95: Краткие (рамочные) технические характеристики | D95: Вид | E95: Количество на одного участника | F95: Единица измерения | G95: Итоговое количество | H95: Рекомендации представителей индустрии (указывается конкретное оборудование) | I95: Ориентировочная стоимость за 1 шт.
A96: 1 | B96: Зеркало | C96: Напольное | D96: Мебель | E96: 1 | F96: шт | G96: 1
A97: 2 | B97: Вешалка | C97: Гардеробная напольная вешалка. На опоре. Двухсторонняя на 48 крючков, расположенных с обеих сторон. Каркас - металлическая труба квадратного сечения - 20*20 мм. Материал ЛДСП 16 мм. Цвет ясень шимо светлый. Вес 17 кг. Габариты 1170*400*1700 мм (или аналог) | D97: Мебель и | E97: 1 | F97: шт | G97: 2
A98: 3 | B98: Шкаф для хранения личных вещей | C98: на усмотрение организаторов | D98: Мебель | E98: 1 | F98: шт | G98: 1
A99: 4 | B99: Часы настенные | C99: Настенные, предназначены для контроля времени | D99: Мебель | E99: 1 | F99: шт | G99: 1
A100: 5 | B100: Стол офисный | C100: Предмет мебели, стол 2-х местный ученический. Длина 1200 мм, глубина 500, высота - регулируется от 640 до 760 мм. Материал изделия - плита МДФ. Материал покрытия ламинированный пластик. | D100: Мебель | E100: 1 | F100: шт | G100: 8
A101: 6 | B101: Стул ученический | C101: Предмет мебели предназначенный для сидения человека. Материал поверхности: ламинированный пластик, МДФ. Цвет: ольха. Углы сидения и спинки закругленные. Каркас сварной на 4-х ножках. | D101: Мебель | E101: 1 | F101: шт | G101: 22
A102: 7 | B102: Корзина для мусора | C102: Предназначена для сбора бытового мусора. Материал - пластик. Цвет: черный. Объем: 10 л. Форма круглая. Высота 29 см, длина 26,5 см, ширина 23 см. Вес 0,15 кг. | D102: Мебель | E102: 1 | F102: шт | G102: 2
A103: 8 | B103: Мышь компьютерная | C103: USB или проводная | D103: IT-оборудование | E103: 1 | F103: шт | G103: 1
A104: 9 | B104: МФУ | C104: Лазерный, формат A4 (210x297 мм), скорость ч/б\ печати 60 стр/мин, цветной | D104: IT-оборудование | E104: 1 | F104: шт | G104: 2
...

Sheet Модуль А (рабочее место)
A1: Инфраструктурный лист для оснащения конкурсной площадки
A2: ='Информация о Чемпионате'!B4 -> Финальный этап Чемпионатного движения по профессиональному мастерству «Профессионалы» в 2026 г
A3: по компетенции
A4: ='Информация о Чемпионате'!B3 -> Фельдшер по медицинской реабилитации
A5: Основная информация о конкурсной площадке:
A6: Субъект Российской Федерации: | C6: ='Информация о Чемпионате'!B5 -> Санкт-Петербург
A7: Базовая организация расположения конкурсной площадки: | D7: ='Информация о Чемпионате'!B6 -> Конгрессно-выставочный центр «Экспофорум»
A8: Адрес базовой организации: | C8: ='Информация о Чемпионате'!B7 -> Санкт-Петербург, Петербургское шоссе, 64/1
A9: Главный эксперт: | C9: ='Информация о Чемпионате'!B9 -> Бахтина Ирина Сергеевна | E9: ='Информация о Чемпионате'!B10 -> ibakhtina@yandex.ru | G9: ='Информация о Чемпионате'!B11 -> 8(921)9074717
A10: Технический администратор площадки: | C10: ='Информация о Чемпионате'!B12 -> 0 | E10: ='Информация о Чемпионате'!B13 -> 0 | G10: ='Информация о Чемпионате'!B14 -> 0
A11: Количество экспертов (ЭН+ГЭ+ИЭ) + ТАП: | C11: ='Информация о Чемпионате'!B17 -> 33
A12: Количество конкурсантов: | C12: ='Информация о Чемпионате'!B15 -> 10
A13: Количество рабочих мест: | C13: ='Информация о Чемпионате'!B16 -> 10
A14: Даты проведения: | C14: ='Информация о Чемпионате'!B8 -> 29.11.2026 - 04.12.2026
A15: Рабочее место Конкурсанта (основное оборудование, вспомогательное оборудование, инструмент (по количеству рабочих мест)) Модуль А
A16: Требования к обеспечению зоны (коммуникации, площадь, сети, количество рабочих мест и др.):
A17: Площадь зоны: не менее 20 кв.м.
A18: Освещение: Допустимо верхнее искусственное освещение ( не менее 300 люкс)
A19: Интернет : Подключение ноутбуков к беспроводному интернету (с возможностью подключения к проводному интернету)
A20: Локальная сеть: требуется; скорость подключения 1000 Мбит/с; количество точек подключения 12
A21: Скорость подключения к локальному/беспроводному интернету - основной канал на скорости до 100 Мбит/с, по резервному каналу на скорости до 100 Мбит/с
A22: Электричество: 220 Вольт подключения к сети
A23: Контур заземления для электропитания и сети слаботочных подключений (при необходимости) : не требуется
A24: Покрытие пола: напольная плитка на всю зону
A25: Подведение/ отведение ГХВС (при необходимости): требуется/не требуется
A26: Подведение сжатого воздуха (при необходимости): требуется/не требуется
... A28: Особые требования к площадке проведения (из правил компетенции) не требуется
A29: № | B29: Наименование | C29: Краткие (рамочные) технические характеристики | D29: Вид | E29: Количество на одного конкурсанта | F29: Единица измерения | G29: Итоговое количество | H29: Рекомендации представителей индустрии (указывается конкретное оборудование) | I29: Ориентировочная стоимость за 1 шт.
A30: 1 | B30: Компьютер | C30: Процессор с частотой не менее 3200 МГц, Оперативная память типа DDR4 2666 МГц 32 GB/ накопитель SSD 500 Мb/ видеокарта с памятью не менее 8GB. Диагональ монитора не менее 24 дюйма | D30: IT-оборудование | E30: 1 | F30: шт ( на 1 раб.место) | G30: 10
A31: 2 | B31: Планшет | C31: Экран: 15.6"; разрешение экрана: Full HD (1920x1080); процессор: Intel Core i7 1165G7 или эквивалент; частота: 2.8 ГГц; память: 8192 Мб, DDR4; SSD: 512 ГБ M.2 PCIe; Intel Iris Xe Graphics или эквивалент; WiFi; Bluetooth; HDMI; WEB-камера;Endless или эквиваленты | D31: IT-оборудование | E31: 1 | F31: шт ( 1 на раб.место) | G31: 10
A32: 3 | B32: Электричество на 1 рабочее место \ 1 команду - 220 Вольт (2 кВт) | D32: Дополнительные требования | G32: 10
A33: 4 | B33: Розетка | C33: Штепсельная открытой установки | D33: Дополнительные требования | E33: 2 | F33: шт | G33: 20
A34: 5 | B34: Сетевой фильтр для подключения оргтехники | C34: Максимальная нагрузка 2200 Вт; Напряжение сети 220 В; Количество розеток 5; длина кабеля 5 м | D34: Оборудование и инструменты | E34: 1 | F34: шт ( на 1 раб.место) | G34: 10
A35: 6 | B35: Ходунки с подмышечной опорой | C35: Ходунки из хромированной стали, складные, со съемными подмышечными опорами, 4 колесами и стояночными тормозами, регулируемые по высоте. Общая ширина 59 см, высота подмышечных опор 114-143 см, вес 10,9 кг, грузоподъемность до 130 кг. | D35: Оборудование и инструменты | E35: 1 | F35: шт ( на 1 раб.место) | G35: 10
A36: 7 | B36: Виртуальный тренажер когнитивных функций | C36: Интерактивный программно-аппаратный комплекс для когнитивной реабилитации | D36: Оборудование и инструменты | E36: 1 | F36: шт ( на 1 раб.место) | G36: 10
A37: 8 | B37: Балансировочная подушка | C37: Балансировочная подушка из полимерного материала, диаметр 34 см, высота 2,5 см | D37: Оборудование и инструменты | E37: 1 | F37: шт ( на 1 раб.место) | G37: 10
A38: 9 | B38: Ортез "Лонгета для голеностопного сустава" | C38: Ортез для иммобилизации голеностопного сустава в заданном функциональном положении.Шина, шарнирный элемент, крепежный элемент, пряжки, гильза - пластик; Подложка - ЭВА-материал; Смягчающие элементы: аппликатор, вкладной сапожок – полиэстер (ППУ); Подошва – резина (ПУ), размер в соответствии с размером статиста | D38: Оборудование и инструменты | E38: 1 | F38: шт ( на 1 раб.место) | G38: 10
A39: 10 | B39: Ортез для лучезапястного сустава и кисти с отведением 1 пальца | C39: Ортез пластиковый для кисти,лучезапястного сустава и предплечья, с противопоставлением первого пальца. Полусферической формы | D39: Оборудование и инструменты | E39: 1 | F39: шт ( на 1 раб.место) | G39: 10
A40: 11 | B40: Аппарат для транскраниальной электростимуляции, переносной | C40: Переносной физиотерапевтический аппарат 3-4класса защиты для проведения транскраниальной электростимуляции | D40: Оборудование и инструменты | E40: 1 | F40: шт ( на 1 раб.место) | G40: 10
A41: 12 | B41: Контейнер с крышкой для отходов А с белым мешком | C41: Ведро педальное для медицинских отходов (белое или серое) класса А | D41: Оборудование и инструменты | E41: 1 | F41: шт ( на 1 раб.место) | G41: 10
A42: 13 | B42: Контейнер с крышкой для отходов Б с желтым мешком | C42: Ведро педальное для медицинских отходов (желтое) класса Б | D42: Оборудование и инструменты | E42: 1 | F42: шт ( на 1 раб.место) | G42: 10
A43: 14 | B43: Термометр медицинский | C43: Электронный бесконтактный | D43: Оборудование и инструменты | E43: 1 | F43: шт ( на 1 раб.место) | G43: 10
A44: 15 | B44: Имитатор опорной нагрузки | C44: Имитатор опорной нагрузки типа "башмаки", вес 10 кг, габариты 42 x 40 x 15 см, регулируется величина давления (от 10 до 60 кПа) и временные характеристики: интервалы между воздействиями на пяточную и плюсневую опорные зоны и интервалы между воздействиями на правую и левую ноги. | D44: Оборудование и инструменты | E44: 1 | F44: шт ( на 1 раб.место) | G44: 10
... A75: 46 | B75: Стол процедурный медицинский | C75: Столик предназначен для размещения на нем инструмента, материалов, медикаментов в перевязочных, операционных, на постах медицинских сестер в отделениях больниц, в клиниках, поликлиниках и других медицинских учреждениях. Полки - 2 шт, ящиков - 2 шт. Размеры: 960х620х450. Нагрузка на полку - 10 кг, нагрузка на ящик - 15 кг. Материал каркаса - металл с полимерно-порошковым покрытием. Колеса - 4 шт., 2 из них с тормозным механизмом | D75: Мебель и фурнитура | E75: 1 | F75: шт ( на 1 раб.место) | G75: 10
A76: Программное обеспечение
A77: 1 | B77: Операционная система | C77: Полная совместимость с программным обеспечением в данном подразделе | D77: Программное обеспечение | E77: 1 | F77: шт ( на 1 раб.место) | G77: 10
A78: 2 | B78: Пакет офисных программ | C78: Обязательный выход в интернет | D78: Программное обеспечение | E78: 1 | F78: шт ( на 1 раб.место) | G78: 10
A79: 3 | B79: Программа для видеоконференций | C79: Сервис для организации видеоконференций с количеством спикеров до 10 человек. | D79: Программное обеспечение | E79: 1 | F79: шт ( на 1 раб.место) | G79: 10
A80: 4 | B80: Медицинская информационная система "Единая цифровая платформа" (ЕЦП) | C80: Медицинская информационная система, которая является комплексным решением задач цифровизации медицинских организаций в рамках создания Единого цифрового контура в здравоохранении | D80: Программное обеспечение | E80: 1 | F80: шт ( на 1 раб.место) | G80: 10
A81: 5 | B81: Доступ к сервису МКФ-онлайн | C81: Компьютерная программа для оценки функций организма по МКФ | D81: Программное обеспечение | E81: 1 | F81: шт (на 1 раб.место) | G81: 10
A82: Охрана труда
A83: № | B83: Наименование | C83: Краткие (рамочные) технические характеристики | D83: Вид | E83: Количество на одного конкурсанта | F83: Единица измерения | G83: Итоговое количество | H83: Рекомендации представителей индустрии (указывается конкретное оборудование) | I83: Ориентировочная стоимость за 1 шт.
A84: 1 | B84: Аптечка для оказания работниками первой помощи пострадавшим с применением медицинских изделий | C84: Приказ Минзрава РФ от 24.05.2024 № 262н | D84: Безопасность и здоровье | E84: 1 | F84: уп (на рабочее место) | G84: 10
A85: 2 | B85: Маска медицинская | C85: Одноразовая трехслойная из нетканого материала | D85: Безопасность и здоровье | E85: 1 | F85: уп (на рабочее место) | G85: 10
A86: 3 | B86: Перчатки медицинские нестерильные 1 | C86: Нестерильные, медицинские, одноразовые, размер S | D86: Безопасность и здоровье | E86: 1 | F86: уп (по 50 шт) (на 1 конкурсанта) | G86: 10
A87: 4 | B87: Перчатки медицинские нестерильные 2 | C87: Нестерильные, медицинские, одноразовые, размер M | D87: Безопасность и здоровье | E87: 1 | F87: уп (по 50 шт) (на 1 конкурсанта) | G87: 10
A88: 5 | B88: Перчатки медицинские нестерильные 3 | C88: Нестерильные, медицинские, одноразовые, размер L | D88: Безопасность и здоровье | E88: 1 | F88: уп (по 50 шт) (на 1 конкурсанта) | G88: 10
A89: 6 | B89: Перчатки медицинские стерильные 4 | C89: размер 6-7 (в упаковке пара) | D89: Безопасность и здоровье | E89: 1 | F89: уп (по 50 шт) (на 1 конкурсанта) | G89: 10
A90: 7 | B90: Перчатки медицинские стерильные 5 | C90: размер 8-9 (в упаковке пара) | D90: Безопасность и здоровье | E90: 1 | F90: уп (по 50 шт) (на 1 конкурсанта) | G90: 10
A91: 8 | B91: Халат защитный одноразовый | C91: Нестерильный (рукав на манжете, ворот на завязках, р.52-54, дл. 120см, спанбонд пл.25 г/м2 | D91: Безопасность и здоровье | E91: 2 | F91: шт (на 1 конкурсанта) | G91: 20
A92: 9 | B92: Шапочка одноразовая | C92: Медицинская из нетканого материала | D92: Безопасность и здоровье | E92: 2 | F92: шт (на 1 конкурсанта) | G92: 20
A93: 10 | B93: Рециркулятор настенный для дезинфекции воздуха в присутствии людей, предназначен для школ, больниц площадь от 30 до 80 кв м | C93: Рециркулятор закрытого типа, сертифицированный, в соответствии с требованиями Роспотребнадзора, предназначен для обеззараживания водуха в помещениях в присутствии людей | D93: Безопасность и здоровье | E93: 1 | F93: шт ( на 1 раб.место) | G93: 10
A94: 11 | B94: Защитные очки | C94: Для защиты органов зрения от инфицирования | D94: Безопасность и здоровье | E94: 1 | F94: шт | G94: 10
A95: 12 | B95: Огнетушитель | C95: Порошковый ручной переносной, малолитражный с массой огнетушащего вещества до 5 л. | D95: Охрана труда | E95: 1 | F95: шт | G95: 10
A96: 13 | B96: Кулер | C96: 19 л (холодная/горячая вода) | D96: Охрана труда | E96: 1 | F96: шт | G96: 10
A97: Рабочее место Конкурсанта (расходные материалы по количеству конкурсантов)
A98: № | B98: Наименование | C98: Краткие (рамочные) технические характеристики | D98: Вид | E98: Кол-во | F98: Единица измерения | G98: Итоговое количество | H98: Рекомендации представителей индустрии (указывается конкретное оборудование) | I98: Ориентировочная стоимость за 1 шт.
A99: 1 | B99: Спиртовой антисептик для гигиенической обработки рук, большой, настольный, с дозатором | C99: Спиртовой антисептик для гигиенической обработки рук, большой, настольный, с дозатором 1,0 л | D99: Расходные материалы | E99: 2 | F99: шт ( на 1 раб.место) | G99: 20
A100: 2 | B100: Спиртовой антисептик для гигиенической обработки рук, малый флакон | C100: Спиртовой антисептик для гигиенической обработки рук, малый флакон, 0,1 л | D100: Расходные материалы | E100: 2 | F100: шт ( на 1 раб.место) | G100: 20
A101: 3 | B101: Бинт марлевый медицинский размером не менее 5 м x 10 см | C101: Бинт марлевый медицинский размером не менее 5 м x 10 см | D101: Расходные материалы | E101: 4 | F101: шт ( на 1 раб.место) | G101: 40
A102: 4 | B102: Бинт марлевый медицинский размером не менее 7 м x 14 см – 4 шт. | C102: Бинт марлевый медицинский размером не менее 7 м x 14 см – 4 шт. | D102: Расходные материалы | E102: 4 | F102: пара ( на 1 раб.место) | G102: 40
A103: 5 | B103: Лейкопластырь фиксирующий рулонный размером не менее 2 x 500 см | C103: Лейкопластырь фиксирующий рулонный размером не менее 2 x 500 см | D103: Расходные материалы | E103: 1 | F103: шт ( на 1 раб.место) | G103: 10
A104: 6 | B104: Вода питьевая 0,5 л в бутылке | C104: Питьевая вода | D104: Расходные материалы | E104: 2 | F104: шт ( на 1 раб.место) | G104: 20
A105: 7 | B105: Емкость для питья одноразовая | C105: Емкость для питья 200,0 | D105: Расходные материалы | E105: 2 | F105: шт ( на 1 раб.место) | G105: 20
A106: 8 | B106: Салфетки стерильные марлевые медицинские 1 | C106: Салфетки марлевые двуслойные 16х14 см 10 штук в упаковке | D106: Расходные материалы | E106: 4 | F106: шт ( на 1 раб.место) | G106: 40
A107: 9 | B107: Салфетки стерильные марлевые медицинские 2 | C107: Салфетки марлевые двуслойные 45х29 см 5 штук в упаковке | D107: Расходные материалы | E107: 4 | F107: шт ( на 1 раб.место) | G107: 40
A108: 10 | B108: Полотенца для рук | C108: Полотенца для рук Z-укладка 2-х слойные в упаковке 1 рулон | D108: Расходные материалы | E108: 4 | F108: шт ( на 1 раб.место) | G108: 40
A109: 11 | B109: Бинт эластичный компрессионный | C109: Бинт эластичный компрессионный средней растяжимости 5 м х 10 см с застежкой | D109: Расходные материалы | E109: 2 | F109: шт ( на 1 раб.место) | G109: 20
A110: 12 | B110: Батарейка щелочная 1 | C110: AA | D110: Расходные материалы | E110: 1 | F110: шт (на 1 конкурсанта) | G110: 20
... A135: 37 | B135: Бланк учетной формы 0-30/у | C135: Контрольная карта диспансерного наблюдения | D135: Медицинская документация | E135: 1 | F135: шт (на 1 конкурсанта) | G135: 10
A136: Охрана труда и техника безопасности
A137: № | B137: Наименование | C137: Краткие (рамочные) технические характеристики | D137: Вид | E137: Кол-во | F137: Единица измерения | G137: Итоговое количество | H137: Рекомендации представителей индустрии (указывается конкретное оборудование) | I137: Ориентировочная стоимость за 1 шт.
A138: 1 | B138: Аптечка для оказания работниками первой помощи пострадавшим с применением медицинских изделий | C138: Приказ Минзрава РФ от 24.05.2024 № 262н | D138: Безопасность и здоровье | E138: 1 | F138: уп (на рабочее место) | G138: 10
A139: 2 | B139: Маска медицинская | C139: Одноразовая трехслойная из нетканого материала | D139: Безопасность и здоровье | E139: 1 | F139: уп (на рабочее место) | G139: 10
A140: 3 | B140: Перчатки медицинские нестерильные 1 | C140: Нестерильные, медицинские, одноразовые, размер S | D140: Безопасность и здоровье | E140: 1 | F140: уп (по 50 шт) (на 1 конкурсанта) | G140: 10
A141: 4 | B141: Перчатки медицинские нестерильные 2 | C141: Нестерильные, медицинские, одноразовые, размер M | D141: Безопасность и здоровье | E141: 1 | F141: уп (по 50 шт) (на 1 конкурсанта) | G141: 10
A142: 5 | B142: Перчатки медицинские нестерильные 3 | C142: Нестерильные, медицинские, одноразовые, размер L | D142: Безопасность и здоровье | E142: 1 | F142: уп (по 50 шт) (на 1 конкурсанта) | G142: 10
A143: 6 | B143: Перчатки медицинские стерильные 4 | C143: размер 6-7 (в упаковке пара) | D143: Безопасность и здоровье | E143: 1 | F143: уп (по 50 шт) (на 1 конкурсанта) | G143: 10
A144: 7 | B144: Перчатки медицинские стерильные 5 | C144: размер 8-9 (в упаковке пара) | D144: Безопасность и здоровье | E144: 1 | F144: уп (по 50 шт) (на 1 конкурсанта) | G144: 10
A145: 8 | B145: Халат защитный одноразовый | C145: Нестерильный (рукав на манжете, ворот на завязках, р.52-54, дл. 120см, спанбонд пл.25 г/м2 | D145: Безопасность и здоровье | E145: 2 | F145: шт (на 1 конкурсанта) | G145: 20
A146: 9 | B146: Шапочка одноразовая | C146: Медицинская из нетканого материала | D146: Безопасность и здоровье | E146: 2 | F146: шт (на 1 конкурсанта) | G146: 20
A147: 10 | B147: Рециркулятор настенный для дезинфекции воздуха в присутствии людей, предназначен для школ, больниц площадь от 30 до 80 кв м | C147: Рециркулятор закрытого типа, сертифицированный, в соответствии с требованиями Роспотребнадзора, предназначен для обеззараживания водуха в помещениях в присутствии людей | D147: Безопасность и здоровье | E147: 1 | F147: шт ( на 1 раб.место) | G147: 10
A148: 11 | B148: Защитные очки | C148: Для защиты органов зрения от инфицирования | D148: Безопасность и здоровье | E148: 1 | F148: шт | G148: 10
A149: 12 | B149: Огнетушитель | C149: Порошковый ручной переносной, малолитражный с массой огнетушащего вещества до 5 л. | D149: Охрана труда | E149: 1 | F149: шт | G149: 10
A150: 13 | B150: Кулер | C150: 19 л (холодная/горячая вода) | D150: Охрана труда | E150: 1 | F150: шт | G150: 10

Sheet Модуль Б (рабочее место)
A1: Инфраструктурный лист для оснащения конкурсной площадки
A2: ='Информация о Чемпионате'!B4 -> Финальный этап Чемпионатного движения по профессиональному мастерству «Профессионалы» в 2026 г
A3: по компетенции
A4: ='Информация о Чемпионате'!B3 -> Фельдшер по медицинской реабилитации
A5: Основная информация о конкурсной площадке:
A6: Субъект Российской Федерации: | C6: ='Информация о Чемпионате'!B5 -> Санкт-Петербург
A7: Базовая организация расположения конкурсной площадки: | D7: ='Информация о Чемпионате'!B6 -> Конгрессно-выставочный центр «Экспофорум»
A8: Адрес базовой организации: | C8: ='Информация о Чемпионате'!B7 -> Санкт-Петербург, Петербургское шоссе, 64/1
A9: Главный эксперт: | C9: ='Информация о Чемпионате'!B9 -> Бахтина Ирина Сергеевна | E9: ='Информация о Чемпионате'!B10 -> ibakhtina@yandex.ru | G9: ='Информация о Чемпионате'!B11 -> 8(921)9074717
A10: Технический администратор площадки: | C10: ='Информация о Чемпионате'!B12 -> 0 | E10: ='Информация о Чемпионате'!B13 -> 0 | G10: ='Информация о Чемпионате'!B14 -> 0
A11: Количество экспертов (ЭН+ГЭ+ИЭ) + ТАП: | C11: ='Информация о Чемпионате'!B17 -> 33
A12: Количество конкурсантов: | C12: ='Информация о Чемпионате'!B15 -> 10
A13: Количество рабочих мест: | C13: ='Информация о Чемпионате'!B16 -> 10
A14: Даты проведения: | C14: ='Информация о Чемпионате'!B8 -> 29.11.2026 - 04.12.2026
A15: Рабочее место Конкурсанта (основное оборудование, вспомогательное оборудование, инструмент (по количеству рабочих мест) Модуль Б
A16: Требования к обеспечению зоны (коммуникации, площадь, сети, количество рабочих мест и др.):
A17: Площадь зоны: не менее 20 кв.м.
A18: Освещение: Допустимо верхнее искусственное освещение ( не менее 300 люкс)
A19: Интернет : Подключение ноутбуков к беспроводному интернету (с возможностью подключения к проводному интернету)
A20: Локальная сеть: требуется; скорость подключения 1000 Мбит/с; количество точек подключения 12
A21: Скорость подключения к локальному/беспроводному интернету - основной канал на скорости до 100 Мбит/с, по резервному каналу на скорости до 100 Мбит/с
A22: Электричество: 220 Вольт подключения к сети
A23: Контур заземления для электропитания и сети слаботочных подключений (при необходимости) : не требуется
A24: Покрытие пола: напольная плитка на всю зону
A25: Подведение/ отведение ГХВС (при необходимости): требуется/не требуется
A26: Подведение сжатого воздуха (при необходимости): требуется/не требуется
... A28: Особые требования к площадке проведения (из правил компетенции) не требуется
A29: № | B29: Наименование | C29: Краткие (рамочные) технические характеристики | D29: Вид | E29: Количество на одного конкурсанта | F29: Единица измерения | G29: Итоговое количество | H29: Рекомендации представителей индустрии (указывается конкретное оборудование) | I29: Ориентировочная стоимость за 1 шт.
A30: 1 | B30: Компьютер | C30: Процессор с частотой не менее 3200 МГц, Оперативная память типа DDR4 2666 МГц 32 GB/ накопитель SSD 500 Мb/ видеокарта с памятью не менее 8GB. Диагональ монитора не менее 24 дюйма | D30: IT-оборудование | E30: 1 | F30: шт ( на 1 раб.место) | G30: 10
A31: 2 | B31: Электричество на 1 рабочее место \ 1 команду - 220 Вольт (2 кВт) | D31: Дополнительные требования | G31: 10
A32: 3 | B32: Розетка | C32: Штепсельная открытой установки | D32: Дополнительные требования | E32: 2 | F32: шт | G32: 20
A33: 4 | B33: Сетевой фильтр для подключения оргтехники | C33: Максимальная нагрузка 2200 Вт; Напряжение сети 220 В; Количество розеток 5; длина кабеля 5 м | D33: Оборудование и инструменты | E33: 1 | F33: шт ( на 1 раб.место) | G33: 10
A34: 5 | B34: Имитатор культи голени для проведения компрессионной терапии | C34: Имитатор культи голени взрослого человека для проведения компрессионной терапии, из нетканного материала, поддающегося дезинфекции, выполнен из специального силикона, имитирующего кожу человека, с вставленной тесьмой для демонстрационного крепления на теле человека или тренажера. | D34: Оборудование и инструменты | E34: 1 | F34: шт (на 1 рабочее место) | G34: 10
A35: 6 | B35: Фитбол | C35: Мяч большого диаметра для занятий лечебной физкультурой диаметром от 50 до 95 см, в соответствии с ростом статиста. При усаживании на фитбол должны фиксироваться прямые углы (90 градусов) между позвоночником и бедром, бедром и голенью, голенью и стопой) | D35: Оборудование и инструменты | E35: 2 | F35: шт (на 1 рабочее место) | G35: 20
A36: 7 | B36: Балансировочная подушка | C36: Балансировочная подушка из полимерного материала, диаметр 34 см, высота 2,5 см | D36: Оборудование и инструменты | E36: 1 | F36: шт ( на 1 раб.место) | G36: 10
A37: 8 | B37: Костыли с подмышечной опорой | C37: Костыли с подмышечной опорой. Универсальный размер подходит под рост пациента от 140 до 200 см, регулируется. Материал - алюминиевый сплав. Рукояти и опорная часть покрыты мягкой пористой резиной, допустимая нагрузка - 150 кг. | D37: Оборудование и инструменты | E37: 2 | F37: шт. ( на 1 раб.место) | G37: 20
A38: 9 | B38: Пульсоксиметр для определения уровня сатурации крови | C38: Инфракрасный, предназначен для безболезненного определения степени насыщения кислородом (SpO₂) гемоглобина артериальной крови человека (процес сатурации) и частоты сердечных сокращений. | D38: Оборудование и инструменты | E38: 1 | F38: шт ( на 1 раб.место) | G38: 10
A39: 10 | B39: Ростомер медицинский | C39: Вертикальный с передвижной планкой | D39: Оборудование и инструменты | E39: 1 | F39: шт ( на 1 раб.место) | G39: 10
A40: 11 | B40: Ортезы для фиксации поясничного отдела позвоночника | C40: Специальные внешние медицинские приспособления, предназначенные для мягкого и жёсткого фиксирования позвоночника, коррекции положения и разгрузки при их поражении в результате болезней и травм. Размер соответствует размеру одежды статиста. | D40: Оборудование и инструменты | E40: 1 | F40: шт ( на 1 раб.место) | G40: 10
A41: 12 | B41: Аппарат для транскраниальной электростимуляции, переносной | C41: Переносной физиотерапевтический аппарат 3-4класса защиты для проведения транскраниальной электростимуляции | D41: Оборудование и инструменты | E41: 1 | F41: шт ( на 1 раб.место) | G41: 10
A42: 13 | B42: Виртуальный тренажер когнитивных функций | C42: Интерактивный программно-аппаратный комплекс для когнитивной реабилитации | D42: Оборудование и инструменты | E42: 1 | F42: шт ( на 1 раб.место) | G42: 10
A43: 14 | B43: Аппарат для фотохромотерапии портативный | C43: Портативный аппарат для светолечения, продуцирующий свет видимого спектра с урасной,зеленой и синей матрицами | D43: Оборудование и инструменты | E43: 1 | F43: шт ( на 1 раб.место) | G43: 10
... A78: 49 | B78: Стол врача | C78: Предмет мебели, стол 2-х местный ученический. Длина 1200 мм, глубина 500, высота - регулируется от 640 до 760 мм. Материал изделия - плита МДФ. Материал покрытия ламинированный пластик. | D78: Мебель и фурнитура | E78: 1 | F78: шт ( на 1 раб.место) | G78: 10
A79: Программное обеспечение
A80: 1 | B80: Операционная система | C80: Полная совместимость с программным обеспечением в данном подразделе | D80: Программное обеспечение | E80: 1 | F80: шт ( на 1 раб.место) | G80: 10
A81: 2 | B81: Пакет офисных программ | C81: Обязательный выход в интернет | D81: Программное обеспечение | E81: 1 | F81: шт ( на 1 раб.место) | G81: 10
A82: 3 | B82: Медицинская информационная система "Единая цифровая платформа" (ЕЦП) | C82: Медицинская информационная система, которая является комплексным решением задач цифровизации медицинских организаций в рамках создания Единого цифрового контура в здравоохранении | D82: Программное обеспечение | E82: 1 | F82: шт ( на 1 раб.место) | G82: 10
A83: 4 | B83: Доступ к сервису МКФ-онлайн | C83: Компьютерная программа для оценки функций организма по МКФ | D83: Программное обеспечение | E83: 1 | F83: шт ( на 1 раб.место) | G83: 10
A84: Охрана труда
A85: № | B85: Наименование | C85: Краткие (рамочные) технические характеристики | D85: Вид | E85: Количество на одного конкурсанта | F85: Единица измерения | G85: Итоговое количество | H85: Рекомендации представителей индустрии (указывается конкретное оборудование) | I85: Ориентировочная стоимость за 1 шт.
A86: 1 | B86: Аптечка для оказания работниками первой помощи пострадавшим с применением медицинских изделий | C86: Приказ Минзрава РФ от 24.05.2024 № 262н | D86: Безопасность и здоровье | E86: 1 | F86: уп (на рабочее место) | G86: 10
A87: 2 | B87: Маска медицинская | C87: Одноразовая трехслойная из нетканого материала | D87: Безопасность и здоровье | E87: 1 | F87: уп (на рабочее место) | G87: 10
A88: 3 | B88: Перчатки медицинские нестерильные 1 | C88: Нестерильные, медицинские, одноразовые, размер S | D88: Безопасность и здоровье | E88: 1 | F88: уп (по 50 шт) (на 1 конкурсанта) | G88: 10
A89: 4 | B89: Перчатки медицинские нестерильные 2 | C89: Нестерильные, медицинские, одноразовые, размер M | D89: Безопасность и здоровье | E89: 1 | F89: уп (по 50 шт) (на 1 конкурсанта) | G89: 10
A90: 5 | B90: Перчатки медицинские нестерильные 3 | C90: Нестерильные, медицинские, одноразовые, размер L | D90: Безопасность и здоровье | E90: 1 | F90: уп (по 50 шт) (на 1 конкурсанта) | G90: 10
A91: 6 | B91: Перчатки медицинские стерильные 4 | C91: размер 6-7 (в упаковке пара) | D91: Безопасность и здоровье | E91: 1 | F91: уп (по 50 шт) (на 1 конкурсанта) | G91: 10
A92: 7 | B92: Перчатки медицинские стерильные 5 | C92: размер 8-9 (в упаковке пара) | D92: Безопасность и здоровье | E92: 1 | F92: уп (по 50 шт) (на 1 конкурсанта) | G92: 10
A93: 8 | B93: Халат защитный одноразовый | C93: Нестерильный (рукав на манжете, ворот на завязках, р.52-54, дл. 120см, спанбонд пл.25 г/м2 | D93: Безопасность и здоровье | E93: 2 | F93: шт (на 1 конкурсанта) | G93: 20
A94: 9 | B94: Шапочка одноразовая | C94: Медицинская из нетканого материала | D94: Безопасность и здоровье | E94: 2 | F94: шт (на 1 конкурсанта) | G94: 20
A95: 10 | B95: Рециркулятор настенный для дезинфекции воздуха в присутствии людей, предназначен для школ, больниц площадь от 30 до 80 кв м | C95: Рециркулятор закрытого типа, сертифицированный, в соответствии с требованиями Роспотребнадзора, предназначен для обеззараживания водуха в помещениях в присутствии людей | D95: Безопасность и здоровье | E95: 1 | F95: шт ( на 1 раб.место) | G95: 10
A96: 11 | B96: Защитные очки | C96: Для защиты органов зрения от инфицирования | D96: Безопасность и здоровье | E96: 1 | F96: шт | G96: 10
A97: 12 | B97: Огнетушитель | C97: Порошковый ручной переносной, малолитражный с массой огнетушащего вещества до 5 л. | D97: Охрана труда | E97: 1 | F97: шт | G97: 10
A98: 13 | B98: Кулер | C98: 19 л (холодная/горячая вода) | D98: Охрана труда | E98: 1 | F98: шт | G98: 10
A99: Рабочее место Конкурсанта (расходные материалы по количеству конкурсантов)
A100: № | B100: Наименование | C100: Краткие (рамочные) технические характеристики | D100: Вид | E100: Кол-во | F100: Единица измерения | G100: Итоговое количество | H100: Рекомендации представителей индустрии (указывается конкретное оборудование) | I100: Ориентировочная стоимость за 1 шт.
A101: 1 | B101: Спиртовой антисептик для гигиенической обработки рук, большой, настольный, с дозатором | C101: Спиртовой антисептик для гигиенической обработки рук, большой, настольный, с дозатором 1,0 л | D101: Расходные материалы | E101: 2 | F101: шт ( на 1 раб.место) | G101: 20
A102: 2 | B102: Спиртовой антисептик для гигиенической обработки рук, малый флакон | C102: Спиртовой антисептик для гигиенической обработки рук, малый флакон, 0,1 л | D102: Расходные материалы | E102: 2 | F102: шт ( на 1 раб.место) | G102: 20
A103: 3 | B103: Средство дезинфицирующее для обработки поверхностей | C103: Средство дезинфицирующее для обработки поверхностей 0,75 л (аэрозоль) | D103: Расходные материалы | E103: 1 | F103: фл (на 1 рабочее место) | G103: 10
A104: 4 | B104: Водный раствор хлоргексидина биглюконата 0,05% | C104: Водный раствор хлоргексидина биглюконата 0,05% — местное антисептическое средство с преимущественно бактерицидным действием. | D104: Расходные материалы | E104: 1 | F104: шт (на 1 конкурсанта) | G104: 10
A105: 5 | B105: Бинт марлевый медицинский размером не менее 5 м x 10 см | C105: Бинт марлевый медицинский размером не менее 5 м x 10 см | D105: Расходные материалы | E105: 4 | F105: шт ( на 1 раб.место) | G105: 40
A106: 6 | B106: Бинт марлевый медицинский размером не менее 7 м x 14 см – 4 шт. | C106: Бинт марлевый медицинский размером не менее 7 м x 14 см – 4 шт. | D106: Расходные материалы | E106: 4 | F106: пара ( на 1 раб.место) | G106: 40
A107: 7 | B107: Лейкопластырь фиксирующий рулонный размером не менее 2 x 500 см | C107: Лейкопластырь фиксирующий рулонный размером не менее 2 x 500 см | D107: Расходные материалы | E107: 1 | F107: шт ( на 1 раб.место) | G107: 10
A108: 8 | B108: Вода питьевая 0,5 л в бутылке | C108: Питьевая вода | D108: Расходные материалы | E108: 2 | F108: шт ( на 1 раб.место) | G108: 20
A109: 9 | B109: Емкость для питья одноразовая | C109: Емкость для питья 200,0 | D109: Расходные материалы | E109: 2 | F109: шт ( на 1 раб.место) | G109: 20
A110: 10 | B110: Салфетки стерильные марлевые медицинские 1 | C110: Салфетки марлевые двуслойные 16х14 см 10 штук в упаковке | D110: Расходные материалы | E110: 4 | F110: шт ( на 1 раб.место) | G110: 40
A111: 11 | B111: Салфетки стерильные марлевые медицинские 2 | C111: Салфетки марлевые двуслойные 45х29 см5 штук в упаковке | D111: Расходные материалы | E111: 4 | F111: шт ( на 1 раб.место) | G111: 40
A112: 12 | B112: Полотенца для рук | C112: Полотенца для рук Z-укладка 2-х слойные в упаковке 1 рулон | D112: Расходные материалы | E112: 4 | F112: шт ( на 1 раб.место) | G112: 40
... A131: 31 | B131: Бланк учетной формы 0-30/у | C131: Контрольная карта диспансерного наблюдения | D131: Медицинская документация | E131: 1 | F131: шт (на 1 конкурсанта) | G131: 10
A132: Охрана труда и техника безопасности
A133: № | B133: Наименование | C133: Краткие (рамочные) технические характеристики | D133: Вид | E133: Кол-во | F133: Единица измерения | G133: Итоговое количество | H133: Рекомендации представителей индустрии (указывается конкретное оборудование) | I133: Ориентировочная стоимость за 1 шт.
A134: 1 | B134: Аптечка для оказания работниками первой помощи пострадавшим с применением медицинских изделий | C134: Приказ Минзрава РФ от 24.05.2024 № 262н | D134: Безопасность и здоровье | E134: 1 | F134: уп (на рабочее место) | G134: 10
A135: 2 | B135: Маска медицинская | C135: Одноразовая трехслойная из нетканого материала | D135: Безопасность и здоровье | E135: 1 | F135: уп (на рабочее место) | G135: 10
A136: 3 | B136: Перчатки медицинские нестерильные 1 | C136: Нестерильные, медицинские, одноразовые, размер S | D136: Безопасность и здоровье | E136: 1 | F136: уп (по 50 шт) (на 1 конкурсанта) | G136: 10
A137: 4 | B137: Перчатки медицинские нестерильные 2 | C137: Нестерильные, медицинские, одноразовые, размер M | D137: Безопасность и здоровье | E137: 1 | F137: уп (по 50 шт) (на 1 конкурсанта) | G137: 10
A138: 5 | B138: Перчатки медицинские нестерильные 3 | C138: Нестерильные, медицинские, одноразовые, размер L | D138: Безопасность и здоровье | E138: 1 | F138: уп (по 50 шт) (на 1 конкурсанта) | G138: 10
A139: 6 | B139: Перчатки медицинские стерильные 4 | C139: размер 6-7 (в упаковке пара) | D139: Безопасность и здоровье | E139: 1 | F139: уп (по 50 шт) (на 1 конкурсанта) | G139: 10
A140: 7 | B140: Перчатки медицинские стерильные 5 | C140: размер 8-9 (в упаковке пара) | D140: Безопасность и здоровье | E140: 1 | F140: уп (по 50 шт) (на 1 конкурсанта) | G140: 10
A141: 8 | B141: Халат защитный одноразовый | C141: Нестерильный (рукав на манжете, ворот на завязках, р.52-54, дл. 120см, спанбонд пл.25 г/м2 | D141: Безопасность и здоровье | E141: 2 | F141: шт (на 1 конкурсанта) | G141: 20
A142: 9 | B142: Шапочка одноразовая | C142: Медицинская из нетканого материала | D142: Безопасность и здоровье | E142: 2 | F142: шт (на 1 конкурсанта) | G142: 20
A143: 10 | B143: Рециркулятор настенный для дезинфекции воздуха в присутствии людей, предназначен для школ, больниц площадь от 30 до 80 кв м | C143: Рециркулятор закрытого типа, сертифицированный, в соответствии с требованиями Роспотребнадзора, предназначен для обеззараживания водуха в помещениях в присутствии людей | D143: Безопасность и здоровье | E143: 1 | F143: шт ( на 1 раб.место) | G143: 10
A144: 11 | B144: Защитные очки | C144: Для защиты органов зрения от инфицирования | D144: Безопасность и здоровье | E144: 1 | F144: шт | G144: 10
A145: 12 | B145: Огнетушитель | C145: Порошковый ручной переносной, малолитражный с массой огнетушащего вещества до 5 л. | D145: Охрана труда | E145: 1 | F145: шт | G145: 10
A146: 13 | B146: Кулер | C146: 19 л (холодная/горячая вода) | D146: Охрана труда | E146: 1 | F146: шт | G146: 10

Sheet Модуль В (рабочее место)
A1: Инфраструктурный лист для оснащения конкурсной площадки
A2: ='Информация о Чемпионате'!B4 -> Финальный этап Чемпионатного движения по профессиональному мастерству «Профессионалы» в 2026 г
A3: по компетенции
A4: ='Информация о Чемпионате'!B3 -> Фельдшер по медицинской реабилитации
A5: Основная информация о конкурсной площадке:
A6: Субъект Российской Федерации: | C6: ='Информация о Чемпионате'!B5 -> Санкт-Петербург
A7: Базовая организация расположения конкурсной площадки: | D7: ='Информация о Чемпионате'!B6 -> Конгрессно-выставочный центр «Экспофорум»
A8: Адрес базовой организации: | C8: ='Информация о Чемпионате'!B7 -> Санкт-Петербург, Петербургское шоссе, 64/1
A9: Главный эксперт: | C9: ='Информация о Чемпионате'!B9 -> Бахтина Ирина Сергеевна | E9: ='Информация о Чемпионате'!B10 -> ibakhtina@yandex.ru | G9: ='Информация о Чемпионате'!B11 -> 8(921)9074717
A10: Технический администратор площадки: | C10: ='Информация о Чемпионате'!B12 -> 0 | E10: ='Информация о Чемпионате'!B13 -> 0 | G10: ='Информация о Чемпионате'!B14 -> 0
A11: Количество экспертов (ЭН+ГЭ+ИЭ) + ТАП: | C11: ='Информация о Чемпионате'!B17 -> 33
A12: Количество конкурсантов: | C12: ='Информация о Чемпионате'!B15 -> 10
A13: Количество рабочих мест: | C13: ='Информация о Чемпионате'!B16 -> 10
A14: Даты проведения: | C14: ='Информация о Чемпионате'!B8 -> 29.11.2026 - 04.12.2026
A15: Рабочее место Конкурсанта (основное оборудование, вспомогательное оборудование, инструмент (по количеству рабочих мест)) Модуль В
A16: Требования к обеспечению зоны (коммуникации, площадь, сети, количество рабочих мест и др.):
A17: Площадь зоны: не менее 20 кв.м.
A18: Освещение: Допустимо верхнее искусственное освещение ( не менее 300 люкс)
A19: Интернет : Подключение ноутбуков к беспроводному интернету (с возможностью подключения к проводному интернету)
A20: Локальная сеть: требуется; скорость подключения 1000 Мбит/с; количество точек подключения 12
A21: Скорость подключения к локальному/беспроводному интернету - основной канал на скорости до 100 Мбит/с, по резервному каналу на скорости до 100 Мбит/с
A22: Электричество: 220 Вольт подключения к сети
A23: Контур заземления для электропитания и сети слаботочных подключений (при необходимости) : не требуется
A24: Покрытие пола: напольная плитка на всю зону
A25: Подведение/ отведение ГХВС (при необходимости): требуется/не требуется
A26: Подведение сжатого воздуха (при необходимости): требуется/не требуется
... A28: Особые требования к площадке проведения (из правил компетенции) не требуется
A29: № | B29: Наименование | C29: Краткие (рамочные) технические характеристики | D29: Вид | E29: Количество на одного конкурсанта | F29: Единица измерения | G29: Итоговое количество | H29: Рекомендации представителей индустрии (указывается конкретное оборудование) | I29: Ориентировочная стоимость за 1 шт.
A30: 1 | B30: Компьютер | C30: Процессор с частотой не менее 3200 МГц, Оперативная память типа DDR4 2666 МГц 32 GB/ накопитель SSD 500 Мb/ видеокарта с памятью не менее 8GB. Диагональ монитора не менее 24 дюйма | D30: IT-оборудование | E30: 1 | F30: шт ( на 1 раб.место) | G30: 10
A31: 2 | B31: Электричество на 1 рабочее место \ 1 команду - 220 Вольт (2 кВт) | D31: Дополнительные требования | G31: 10
A32: 3 | B32: Розетка | C32: Штепсельная открытой установки | D32: Дополнительные требования | E32: 2 | F32: шт | G32: 20
A33: 4 | B33: Сетевой фильтр для подключения оргтехники | C33: Максимальная нагрузка 2200 Вт; Напряжение сети 220 В; Количество розеток 5; длина кабеля 5 м | D33: Оборудование и инструменты | E33: 1 | F33: шт ( на 1 раб.место) | G33: 10
A34: 5 | B34: Полотенце вафельное | C34: Размер 35 на 75 см гладкокрашеное белое | D34: Оборудование и инструменты | E34: 1 | F34: шт ( на 1 раб.место) | G34: 10
A35: 6 | B35: Емкость для питья | C35: Емкость для питья 200,0 | D35: Оборудование и инструменты | E35: 1 | F35: шт ( на 1 раб.место) | G35: 10
A36: 7 | B36: Пульсоксиметр портативный для определения уровня сатурации крови | C36: Инфракрасный предназначен для безболезненного определения степени насыщения кислородом (SpO₂) гемоглобина артериальной крови человека (процес сатурации) и частоты сердечных сокращений.Цвет - голубой, белый. | D36: Оборудование и инструменты | E36: 1 | F36: шт ( на 1 раб.место) | G36: 10
A37: 8 | B37: Аппарат для измерения артериального давления с ручным нагнетением, портативный | C37: Аппарат для измерения артериального давления | D37: Оборудование и инструменты | E37: 1 | F37: шт ( на 1 раб.место) | G37: 10
A38: 9 | B38: Фонендоскоп | C38: Стетоскоп неавтоматизированный | D38: Оборудование и инструменты | E38: 1 | F38: шт ( на 1 раб.место) | G38: 10
A39: 10 | B39: Термометр медицинский | C39: Электронный бесконтактный | D39: Оборудование и инструменты | E39: 1 | F39: шт ( на 1 раб.место) | G39: 10
A40: 11 | B40: Полноростовой манекен-тренажер (торс) для проведения БСЛР (в одежде) | C40: Полноростовой манекен-тренажер (торс) для проведения БСЛР (в одежде) | D40: Оборудование и инструменты | E40: 1 | F40: шт ( на 1 раб.место) | G40: 10
A41: 12 | B41: Дыхательный аппарат ручной (мешок типа Амбу) для взрослых | C41: Комплект дыхательный для ручной ИВЛ (мешок реанимационный типа "Амбу") предназначен для проведения искусственной вентиляции легких ручным способом взрослым (КД-МП-В, вес пациентов свыше 15 кг) в условиях дыхательной недостаточности любой этиологии | D41: Оборудование и инструменты | E41: 1 | F41: шт ( на 1 раб.место) | G41: 10
A42: 13 | B42: Учебный автоматический наружный дефибриллятор | C42: Тренажёр-симулятор автоматического наружного дефибриллятора | D42: Оборудование и инструменты | E42: 1 | F42: шт ( на 1 раб.место) | G42: 10
A43: 14 | B43: Портативный экспресс анализатор уровня глюкозы, (глюкометр) | C43: Без использования ланцетов и тест - полосок для определения уровня глюкозы . Прибор рассчитывает средние значения за 90, 30 и 7 дней, оснащен ЖК дисплеем с яркой подсветкой. Габариты: 77,1*48,6*15,3 мм,вес 0,24 кг | D43: Оборудование и инструменты | E43: 1 | F43: шт ( на 1 раб.место) | G43: 10
... A56: 27 | B56: Стул ученический | C56: Предмет мебели, предназначенный для сидения человека. Материал поверхности: ламинированный пластик, МДФ. Цвет: ольха. Углы сидения и спинки закругленные. Каркас сварной на 4-х ножках | D56: Мебель и фурнитура | E56: 2 | F56: шт ( на 1 раб.место) | G56: 20
A57: Программное обеспечение
A58: 1 | B58: Операционная система | C58: Полная совместимость с программным обеспечением в данном подразделе | D58: Программное обеспечение | E58: 1 | F58: шт ( на 1 раб.место) | G58: 10
A59: 2 | B59: Пакет офисных программ | C59: Обязательный выход в интернет | D59: Программное обеспечение | E59: 1 | F59: шт ( на 1 раб.место) | G59: 10
A60: 3 | B60: Медицинская информационная система "Единая цифровая платформа" (ЕЦП) | C60: Медицинская информационная система, которая является комплексным решением задач цифровизации медицинских организаций в рамках создания Единого цифрового контура в здравоохранении | D60: Программное обеспечение | E60: 1 | F60: шт ( на 1 раб.место) | G60: 10
A61: 4 | B61: Доступ к сервису МКФ-онлайн | C61: Компьютерная программа для оценки функций организма по МКФ | D61: Программное обеспечение | E61: 1 | F61: шт ( на 1 раб.место) | G61: 10
A62: Охрана труда
A63: № | B63: Наименование | C63: Краткие (рамочные) технические характеристики | D63: Вид | E63: Количество на одного конкурсанта | F63: Единица измерения | G63: Итоговое количество | H63: Рекомендации представителей индустрии (указывается конкретное оборудование) | I63: Ориентировочная стоимость за 1 шт.
A64: 1 | B64: Аптечка для оказания работниками первой помощи пострадавшим с применением медицинских изделий | C64: Приказ Минзрава РФ от 24.05.2024 № 262н | D64: Безопасность и здоровье | E64: 1 | F64: уп (на рабочее место) | G64: 10
A65: 2 | B65: Маска медицинская | C65: Одноразовая трехслойная из нетканого материала | D65: Безопасность и здоровье | E65: 1 | F65: уп (на рабочее место) | G65: 10
A66: 3 | B66: Перчатки медицинские нестерильные 1 | C66: Нестерильные, медицинские, одноразовые, размер S | D66: Безопасность и здоровье | E66: 1 | F66: уп (по 50 шт) (на 1 конкурсанта) | G66: 10
A67: 4 | B67: Перчатки медицинские нестерильные 2 | C67: Нестерильные, медицинские, одноразовые, размер M | D67: Безопасность и здоровье | E67: 1 | F67: уп (по 50 шт) (на 1 конкурсанта) | G67: 10
A68: 5 | B68: Перчатки медицинские нестерильные 3 | C68: Нестерильные, медицинские, одноразовые, размер L | D68: Безопасность и здоровье | E68: 1 | F68: уп (по 50 шт) (на 1 конкурсанта) | G68: 10
A69: 6 | B69: Перчатки медицинские стерильные 4 | C69: размер 6-7 (в упаковке пара) | D69: Безопасность и здоровье | E69: 1 | F69: уп (по 50 шт) (на 1 конкурсанта) | G69: 10
A70: 7 | B70: Перчатки медицинские стерильные 5 | C70: размер 8-9 (в упаковке пара) | D70: Безопасность и здоровье | E70: 1 | F70: уп (по 50 шт) (на 1 конкурсанта) | G70: 10
A71: 8 | B71: Халат защитный одноразовый | C71: Нестерильный (рукав на манжете, ворот на завязках, р.52-54, дл. 120см, спанбонд пл.25 г/м2 | D71: Безопасность и здоровье | E71: 2 | F71: шт (на 1 конкурсанта) | G71: 20
A72: 9 | B72: Шапочка одноразовая | C72: Медицинская из нетканого материала | D72: Безопасность и здоровье | E72: 2 | F72: шт (на 1 конкурсанта) | G72: 20
A73: 10 | B73: Рециркулятор настенный для дезинфекции воздуха в присутствии людей, предназначен для школ, больниц площадь от 30 до 80 кв м | C73: Рециркулятор закрытого типа, сертифицированный, в соответствии с требованиями Роспотребнадзора, предназначен для обеззараживания водуха в помещениях в присутствии людей | D73: Безопасность и здоровье | E73: 1 | F73: шт ( на 1 раб.место) | G73: 10
A74: 11 | B74: Защитные очки | C74: Для защиты органов зрения от инфицирования | D74: Безопасность и здоровье | E74: 1 | F74: шт | G74: 10
A75: 12 | B75: Огнетушитель | C75: Порошковый ручной переносной, малолитражный с массой огнетушащего вещества до 5 л. | D75: Охрана труда | E75: 1 | F75: шт | G75: 10
A76: 13 | B76: Кулер | C76: 19 л (холодная/горячая вода) | D76: Охрана труда | E76: 1 | F76: шт | G76: 10
A77: Рабочее место Конкурсанта (расходные материалы по количеству конкурсантов)
A78: № | B78: Наименование | C78: Краткие (рамочные) технические характеристики | D78: Вид | E78: Кол-во | F78: Единица измерения | G78: Итоговое количество | H78: Рекомендации представителей индустрии (указывается конкретное оборудование) | I78: Ориентировочная стоимость за 1 шт.
A79: 1 | B79: Спиртовой антисептик для гигиенической обработки рук, большой, настольный, с дозатором | C79: Спиртовой антисептик для гигиенической обработки рук, большой, настольный, с дозатором 1,0 л | D79: Расходные материалы | E79: 2 | F79: шт ( на 1 раб.место) | G79: 20
A80: 2 | B80: Спиртовой антисептик для гигиенической обработки рук, малый флакон | C80: Спиртовой антисептик для гигиенической обработки рук, малый флакон, 0,1 л | D80: Расходные материалы | E80: 2 | F80: шт ( на 1 раб.место) | G80: 20
A81: 3 | B81: Средство дезинфицирующее для обработки поверхностей | C81: Средство дезинфицирующее для обработки поверхностей 0,75 л (аэрозоль) | D81: Расходные материалы | E81: 1 | F81: фл (на 1 рабочее место) | G81: 10
A82: 4 | B82: Водный раствор хлоргексидина биглюконата 0,05% | C82: Водный раствор хлоргексидина биглюконата 0,05% — местное антисептическое средство с преимущественно бактерицидным действием | D82: Расходные материалы | E82: 1 | F82: шт (на 1 конкурсанта) | G82: 10
A83: 5 | B83: Перекись водорода 3% раствор | C83: Перекись водорода 3% раствор для местного и наружного применения 100 мл флакон | D83: Расходные материалы | E83: 1 | F83: шт (на 1 конкурсанта) | G83: 10
A84: 6 | B84: Бинт марлевый медицинский размером не менее 5 м x 10 см | C84: Бинт марлевый медицинский размером не менее 5 м x 10 см | D84: Расходные материалы | E84: 4 | F84: шт ( на 1 раб.место) | G84: 40
A85: 7 | B85: Бинт марлевый медицинский размером не менее 7 м x 14 см – 4 шт. | C85: Бинт марлевый медицинский размером не менее 7 м x 14 см – 4 шт. | D85: Расходные материалы | E85: 4 | F85: пара ( на 1 раб.место) | G85: 40
A86: 8 | B86: Лейкопластырь фиксирующий рулонный размером не менее 2 x 500 см | C86: Лейкопластырь фиксирующий рулонный размером не менее 2 x 500 см | D86: Расходные материалы | E86: 1 | F86: шт ( на 1 раб.место) | G86: 10
A87: 9 | B87: Вода питьевая 0,5 л в бутылке | C87: Питьевая вода | D87: Расходные материалы | E87: 2 | F87: шт ( на 1 раб.место) | G87: 20
A88: 10 | B88: Емкость для питья одноразовая | C88: Емкость для питья 200,0 | D88: Расходные материалы | E88: 2 | F88: шт ( на 1 раб.место) | G88: 20
A89: 11 | B89: Салфетки стерильные марлевые медицинские 1 | C89: Салфетки марлевые двуслойные 16х14 см 10 штук в упаковке | D89: Расходные материалы | E89: 4 | F89: шт ( на 1 раб.место) | G89: 40
A90: 12 | B90: Салфетки стерильные марлевые медицинские 2 | C90: Салфетки марлевые двуслойные 45х29 см5 штук в упаковке | D90: Расходные материалы | E90: 4 | F90: шт ( на 1 раб.место) | G90: 40
... A96: 18 | B96: Ручка шариковая | C96: Автоматическая пластиквая шариковая ручка для письма | D96: Расходные материалы | E96: 2 | F96: шт (на 1 конкурсанта) | G96: 20
A97: Охрана труда и техника безопасности
A98: № | B98: Наименование | C98: Краткие (рамочные) технические характеристики | D98: Вид | E98: Кол-во | F98: Единица измерения | G98: Итоговое количество | H98: Рекомендации представителей индустрии (указывается конкретное оборудование) | I98: Ориентировочная стоимость за 1 шт.
A99: 1 | B99: Аптечка для оказания работниками первой помощи пострадавшим с применением медицинских изделий | C99: Приказ Минзрава РФ от 24.05.2024 № 262н | D99: Безопасность и здоровье | E99: 1 | F99: уп (на рабочее место) | G99: 10
A100: 2 | B100: Маска медицинская | C100: Одноразовая трехслойная из нетканого материала | D100: Безопасность и здоровье | E100: 1 | F100: уп (на рабочее место) | G100: 10
A101: 3 | B101: Перчатки медицинские нестерильные 1 | C101: Нестерильные, медицинские, одноразовые, размер S | D101: Безопасность и здоровье | E101: 1 | F101: уп (по 50 шт) (на 1 конкурсанта) | G101: 10
A102: 4 | B102: Перчатки медицинские нестерильные 2 | C102: Нестерильные, медицинские, одноразовые, размер M | D102: Безопасность и здоровье | E102: 1 | F102: уп (по 50 шт) (на 1 конкурсанта) | G102: 10
A103: 5 | B103: Перчатки медицинские нестерильные 3 | C103: Нестерильные, медицинские, одноразовые, размер L | D103: Безопасность и здоровье | E103: 1 | F103: уп (по 50 шт) (на 1 конкурсанта) | G103: 10
A104: 6 | B104: Перчатки медицинские стерильные 4 | C104: размер 6-7 (в упаковке пара) | D104: Безопасность и здоровье | E104: 1 | F104: уп (по 50 шт) (на 1 конкурсанта) | G104: 10
A105: 7 | B105: Перчатки медицинские стерильные 5 | C105: размер 8-9 (в упаковке пара) | D105: Безопасность и здоровье | E105: 1 | F105: уп (по 50 шт) (на 1 конкурсанта) | G105: 10
A106: 8 | B106: Халат защитный одноразовый | C106: Нестерильный (рукав на манжете, ворот на завязках, р.52-54, дл. 120см, спанбонд пл.25 г/м2 | D106: Безопасность и здоровье | E106: 2 | F106: шт (на 1 конкурсанта) | G106: 20
A107: 9 | B107: Шапочка одноразовая | C107: Медицинская из нетканого материала | D107: Безопасность и здоровье | E107: 2 | F107: шт (на 1 конкурсанта) | G107: 20
A108: 10 | B108: Рециркулятор настенный для дезинфекции воздуха в присутствии людей, предназначен для школ, больниц площадь от 30 до 80 кв м | C108: Рециркулятор закрытого типа, сертифицированный, в соответствии с требованиями Роспотребнадзора, предназначен для обеззараживания водуха в помещениях в присутствии людей | D108: Безопасность и здоровье | E108: 1 | F108: шт ( на 1 раб.место) | G108: 10
A109: 11 | B109: Защитные очки | C109: Для защиты органов зрения от инфицирования | D109: Безопасность и здоровье | E109: 1 | F109: шт | G109: 10
A110: 12 | B110: Огнетушитель | C110: Порошковый ручной переносной, малолитражный с массой огнетушащего вещества до 5 л. | D110: Охрана труда | E110: 1 | F110: шт | G110: 10
A111: 13 | B111: Кулер | C111: 19 л (холодная/горячая вода) | D111: Охрана труда | E111: 1 | F111: шт | G111: 10

Sheet Модуль Г (рабочее место)
A1: Инфраструктурный лист для оснащения конкурсной площадки
A2: ='Информация о Чемпионате'!B4 -> Финальный этап Чемпионатного движения по профессиональному мастерству «Профессионалы» в 2026 г
A3: по компетенции
A4: ='Информация о Чемпионате'!B3 -> Фельдшер по медицинской реабилитации
A5: Основная информация о конкурсной площадке:
A6: Субъект Российской Федерации: | C6: ='Информация о Чемпионате'!B5 -> Санкт-Петербург
A7: Базовая организация расположения конкурсной площадки: | D7: ='Информация о Чемпионате'!B6 -> Конгрессно-выставочный центр «Экспофорум»
A8: Адрес базовой организации: | C8: ='Информация о Чемпионате'!B7 -> Санкт-Петербург, Петербургское шоссе, 64/1
A9: Главный эксперт: | C9: ='Информация о Чемпионате'!B9 -> Бахтина Ирина Сергеевна | E9: ='Информация о Чемпионате'!B10 -> ibakhtina@yandex.ru | G9: ='Информация о Чемпионате'!B11 -> 8(921)9074717
A10: Технический администратор площадки: | C10: ='Информация о Чемпионате'!B12 -> 0 | E10: ='Информация о Чемпионате'!B13 -> 0 | G10: ='Информация о Чемпионате'!B14 -> 0
A11: Количество экспертов (ЭН+ГЭ+ИЭ) + ТАП: | C11: ='Информация о Чемпионате'!B17 -> 33
A12: Количество конкурсантов: | C12: ='Информация о Чемпионате'!B15 -> 10
A13: Количество рабочих мест: | C13: ='Информация о Чемпионате'!B16 -> 10
A14: Даты проведения: | C14: ='Информация о Чемпионате'!B8 -> 29.11.2026 - 04.12.2026
A15: Рабочее место Конкурсанта (основное оборудование, вспомогательное оборудование, инструмент (по количеству рабочих мест)) Модуль Г
A16: Требования к обеспечению зоны (коммуникации, площадь, сети, количество рабочих мест и др.):
A17: Площадь зоны: не менее 20 кв.м.
A18: Освещение: Допустимо верхнее искусственное освещение ( не менее 300 люкс)
A19: Интернет : Подключение ноутбуков к беспроводному интернету (с возможностью подключения к проводному интернету)
A20: Локальная сеть: требуется; скорость подключения 1000 Мбит/с; количество точек подключения 12
A21: Скорость подключения к локальному/беспроводному интернету - основной канал на скорости до 100 Мбит/с, по резервному каналу на скорости до 100 Мбит/с
A22: Электричество: 220 Вольт подключения к сети
A23: Контур заземления для электропитания и сети слаботочных подключений (при необходимости) : не требуется
A24: Покрытие пола: напольная плитка на всю зону
A25: Подведение/ отведение ГХВС (при необходимости): требуется/не требуется
A26: Подведение сжатого воздуха (при необходимости): требуется/не требуется
... A28: Особые требования к площадке проведения (из правил компетенции) не требуется
A29: № | B29: Наименование | C29: Краткие (рамочные) технические характеристики | D29: Вид | E29: Количество на одного конкурсанта | F29: Единица измерения | G29: Итоговое количество | H29: Рекомендации представителей индустрии (указывается конкретное оборудование) | I29: Ориентировочная стоимость за 1 шт.
A30: 1 | B30: Компьютер | C30: Процессор с частотой не менее 3200 МГц, Оперативная память типа DDR4 2666 МГц 32 GB/ накопитель SSD 500 Мb/ видеокарта с памятью не менее 8GB. Диагональ монитора не менее 24 дюйма | D30: IT-оборудование | E30: 1 | F30: шт ( на 1 раб.место) | G30: 10
A31: 2 | B31: Планшет | C31: Экран: 15.6"; разрешение экрана: Full HD (1920x1080); процессор: Intel Core i7 1165G7 или эквивалент; частота: 2.8 ГГц; память: 8192 Мб, DDR4; SSD: 512 ГБ M.2 PCIe; Intel Iris Xe Graphics или эквивалент; WiFi; Bluetooth; HDMI; WEB-камера;Endless или эквиваленты | D31: IT-оборудование | E31: 1 | F31: шт ( 1 на раб.место) | G31: 10
A32: 3 | B32: Электричество на 1 рабочее место \ 1 команду - 220 Вольт (2 кВт) | D32: Дополнительные требования | G32: 10
A33: 4 | B33: Розетка | C33: Штепсельная открытой установки | D33: Дополнительные требования | E33: 2 | F33: шт | G33: 20
A34: 5 | B34: Сетевой фильтр для подключения оргтехники | C34: Максимальная нагрузка 2200 Вт; Напряжение сети 220 В; Количество розеток 5; длина кабеля 5 м | D34: Оборудование и инструменты | E34: 1 | F34: шт ( на 1 раб.место) | G34: 10
A35: 6 | B35: Имитатор раны "Пролежень" | C35: Имитатор пролежня 2 степени, из нетканного материала, поддающегося дезинфекции, выполнен из специального силикона, имитирующего кожу человека, с вставленной тесьмой для демонстрационного крепления на теле человека или тренажера | D35: Оборудование и инструменты | E35: 1 | F35: шт (на 1 рабочее место) | G35: 10
A36: 7 | B36: Поддерживающий пояс для перемещения маломобильных пациентов | C36: Поддерживающий пояс для перемещения маломобильных пациентов, верхний материал: 100% нейлон с грязеотталкивающей обработкой (покрытие ПВХ плотностью 320г/м2); внутренний материал: трикотажное полотно, 100% полиэстер плотностью 230г/м2; наполнитель: пенополиуретан. Ширина 50 мм, полипропилен; разрывная нагрузка - 2700 кгс. , с 4 ручками. Размер в соответствии с разером одежды статиста | D36: Оборудование и инструменты | E36: 2 | F36: шт ( на 1 раб.место) | G36: 20
A37: 8 | B37: Пульсоксиметр для определения уровня сатурации крови | C37: Инфракрасныйпредназначен для безболезненного определения степени насыщения кислородом (SpO₂) гемоглобина артериальной крови человека (процес сатурации) и частоты сердечных сокращений.Цвет - голубой, белый. | D37: Оборудование и инструменты | E37: 1 | F37: шт ( на 1 раб.место) | G37: 10
A38: 9 | B38: Захват для подбирания предметов | C38: Активный захват для подбирания предметов с пола, с рифлеными резиновыми противоскользящими накладками, материал рукоятки: пластик, материал трубки: металл., длина - 70 см. | D38: Оборудование и инструменты | E38: 1 | F38: шт ( на 1 раб.место) | G38: 10
A39: 10 | B39: Аппарат для фотохромотерапии портативный | C39: Портативный аппарат для светолечения, продуцирующий свет видимого спектра с урасной,зеленой и синей матрицами | D39: Оборудование и инструменты | E39: 1 | F39: шт ( на 1 раб.место) | G39: 10
A40: 11 | B40: Полотенце вафельное | C40: Размер 35 на 75 см гладкокрашеное белое | D40: Оборудование и инструменты | E40: 1 | F40: шт ( на 1 раб.место) | G40: 10
A41: 12 | B41: Виртуальный тренажер когнитивных функций | C41: Интерактивный программно-аппаратный комплекс для когнитивной реабилитации | D41: Оборудование и инструменты | E41: 1 | F41: шт ( на 1 раб.место) | G41: 10
A42: 13 | B42: Скользящая простыня | C42: Скользящие простыня для перемещения маломобильных пациентов, с ручками, размер 180 см на 75 см, из гладкого, лёгкого, формоустойчивого материала со свойствами повышенного скольжения, устойчивый к загрязнениям, влаге, механическим повреждениям | D42: Оборудование и инструменты | E42: 1 | F42: шт ( на 1 раб.место) | G42: 10
A43: 14 | B43: Имитатор опорной нагрузки | C43: Имитатор опорной нагрузки типа "башмаки", вес 10 кг, габариты 42 x 40 x 15 см, регулируется величина давления (от 10 до 60 кПа) и временные характеристики: интервалы между воздействиями на пяточную и плюсневую опорные зоны и интервалы между воздействиями на правую и левую ноги. | D43: Оборудование и инструменты | E43: 1 | F43: шт ( на 1 раб.место) | G43: 10
A44: 15 | B44: Термометр медицинский | C44: Электронный бесконтактный | D44: Оборудование и инструменты | E44: 1 | F44: шт ( на 1 раб.место) | G44: 10
... A71: 42 | B71: Шкаф для хранения лекарственных препаратов для медицинского применения и медицинских изделий | C71: Шкаф медицинский для медикаментов двустворчатый; габариты 700*320*1655 | D71: Мебель и фурнитура | E71: 1 | F71: шт ( на 1 раб.место) | G71: 10
A72: Программное обеспечение
A73: 1 | B73: Операционная система | C73: Полная совместимость с программным обеспечением в данном подразделе | D73: Программное обеспечение | E73: 1 | F73: шт ( на 1 раб.место) | G73: 10
A74: 2 | B74: Пакет офисных программ | C74: Обязательный выход в интернет | D74: Программное обеспечение | E74: 1 | F74: шт ( на 1 раб.место) | G74: 10
A75: 3 | B75: Программа для видеоконференций | C75: Сервис для организации видеоконференций с количеством спикеров до 10 человек. | D75: Программное обеспечение | E75: 1 | F75: шт ( на 1 раб.место) | G75: 10
A76: 4 | B76: Медицинская информационная система "Единая цифровая платформа" (ЕЦП) | C76: Медицинская информационная система, которая является комплексным решением задач цифровизации медицинских организаций в рамках создания Единого цифрового контура в здравоохранении | D76: Программное обеспечение | E76: 1 | F76: шт ( на 1 раб.место) | G76: 10
A77: 5 | B77: Доступ к сервису МКФ-онлайн | C77: Компьютерная программа для оценки функций организма по МКФ | D77: Программное обеспечение | E77: 1 | F77: шт ( на 1 раб.место) | G77: 10
A78: Охрана труда
A79: № | B79: Наименование | C79: Краткие (рамочные) технические характеристики | D79: Вид | E79: Количество на одного конкурсанта | F79: Единица измерения | G79: Итоговое количество | H79: Рекомендации представителей индустрии (указывается конкретное оборудование) | I79: Ориентировочная стоимость за 1 шт.
A80: 1 | B80: Аптечка для оказания работниками первой помощи пострадавшим с применением медицинских изделий | C80: Приказ Минзрава РФ от 24.05.2024 № 262н | D80: Безопасность и здоровье | E80: 1 | F80: уп (на рабочее место) | G80: 10
A81: 2 | B81: Маска медицинская | C81: Одноразовая трехслойная из нетканого материала | D81: Безопасность и здоровье | E81: 1 | F81: уп (на рабочее место) | G81: 10
A82: 3 | B82: Перчатки медицинские нестерильные 1 | C82: Нестерильные, медицинские, одноразовые, размер S | D82: Безопасность и здоровье | E82: 1 | F82: уп (по 50 шт) (на 1 конкурсанта) | G82: 10
A83: 4 | B83: Перчатки медицинские нестерильные 2 | C83: Нестерильные, медицинские, одноразовые, размер M | D83: Безопасность и здоровье | E83: 1 | F83: уп (по 50 шт) (на 1 конкурсанта) | G83: 10
A84: 5 | B84: Перчатки медицинские нестерильные 3 | C84: Нестерильные, медицинские, одноразовые, размер L | D84: Безопасность и здоровье | E84: 1 | F84: уп (по 50 шт) (на 1 конкурсанта) | G84: 10
A85: 6 | B85: Перчатки медицинские стерильные 4 | C85: размер 6-7 (в упаковке пара) | D85: Безопасность и здоровье | E85: 1 | F85: уп (по 50 шт) (на 1 конкурсанта) | G85: 10
A86: 7 | B86: Перчатки медицинские стерильные 5 | C86: размер 8-9 (в упаковке пара) | D86: Безопасность и здоровье | E86: 1 | F86: уп (по 50 шт) (на 1 конкурсанта) | G86: 10
A87: 8 | B87: Халат защитный одноразовый | C87: Нестерильный (рукав на манжете, ворот на завязках, р.52-54, дл. 120см, спанбонд пл.25 г/м2 | D87: Безопасность и здоровье | E87: 2 | F87: шт (на 1 конкурсанта) | G87: 20
A88: 9 | B88: Шапочка одноразовая | C88: Медицинская из нетканого материала | D88: Безопасность и здоровье | E88: 2 | F88: шт (на 1 конкурсанта) | G88: 20
A89: 10 | B89: Рециркулятор настенный для дезинфекции воздуха в присутствии людей, предназначен для школ, больниц площадь от 30 до 80 кв м | C89: Рециркулятор закрытого типа, сертифицированный, в соответствии с требованиями Роспотребнадзора, предназначен для обеззараживания водуха в помещениях в присутствии людей | D89: Безопасность и здоровье | E89: 1 | F89: шт ( на 1 раб.место) | G89: 10
A90: 11 | B90: Защитные очки | C90: Для защиты органов зрения от инфицирования | D90: Безопасность и здоровье | E90: 1 | F90: шт | G90: 10
A91: 12 | B91: Огнетушитель | C91: Порошковый ручной переносной, малолитражный с массой огнетушащего вещества до 5 л. | D91: Охрана труда | E91: 1 | F91: шт | G91: 10
A92: 13 | B92: Кулер | C92: 19 л (холодная/горячая вода) | D92: Охрана труда | E92: 1 | F92: шт | G92: 10
A93: Рабочее место Конкурсанта (расходные материалы по количеству конкурсантов)
A94: № | B94: Наименование | C94: Краткие (рамочные) технические характеристики | D94: Вид | E94: Количество | F94: Единица измерения | G94: Итоговое количество | H94: Рекомендации представителей индустрии (указывается конкретное оборудование) | I94: Ориентировочная стоимость за 1 шт.
A95: 1 | B95: Спиртовой антисептик для гигиенической обработки рук, большой, настольный, с дозатором | C95: Спиртовой антисептик для гигиенической обработки рук, большой, настольный, с дозатором 1,0 л | D95: Расходные материалы | E95: 2 | F95: шт ( на 1 раб.место) | G95: 20
A96: 2 | B96: Спиртовой антисептик для гигиенической обработки рук, малый флакон | C96: Спиртовой антисептик для гигиенической обработки рук, малый флакон, 0,1 л | D96: Расходные материалы | E96: 2 | F96: шт ( на 1 раб.место) | G96: 20
A97: 3 | B97: Средство дезинфицирующее для обработки поверхностей | C97: Средство дезинфицирующее для обработки поверхностей 0,75 л (аэрозоль) | D97: Расходные материалы | E97: 1 | F97: фл (на 1 рабочее место) | G97: 10
A98: 4 | B98: Водный раствор хлоргексидина биглюконата 0,05% | C98: Водный раствор хлоргексидина биглюконата 0,05% — местное антисептическое средство с преимущественно бактерицидным действием. | D98: Расходные материалы | E98: 1 | F98: шт (на 1 конкурсанта) | G98: 10
A99: 5 | B99: Бинт марлевый медицинский размером не менее 5 м x 10 см | C99: Бинт марлевый медицинский размером не менее 5 м x 10 см | D99: Расходные материалы | E99: 4 | F99: шт ( на 1 раб.место) | G99: 40
A100: 6 | B100: Бинт марлевый медицинский размером не менее 7 м x 14 см – 4 шт. | C100: Бинт марлевый медицинский размером не менее 7 м x 14 см – 4 шт. | D100: Расходные материалы | E100: 4 | F100: пара ( на 1 раб.место) | G100: 40
A101: 7 | B101: Лейкопластырь фиксирующий рулонный размером не менее 2 x 500 см | C101: Лейкопластырь фиксирующий рулонный размером не менее 2 x 500 см | D101: Расходные материалы | E101: 1 | F101: шт ( на 1 раб.место) | G101: 10
A102: 8 | B102: Вода питьевая 0,5 л в бутылке | C102: Питьевая вода | D102: Расходные материалы | E102: 2 | F102: шт ( на 1 раб.место) | G102: 20
A103: 9 | B103: Емкость для питья одноразовая | C103: Емкость для питья 200,0 | D103: Расходные материалы | E103: 2 | F103: шт ( на 1 раб.место) | G103: 20
A104: 10 | B104: Салфетки стерильные марлевые медицинские 1 | C104: Салфетки марлевые двуслойные 16х14 см 10 штук в упаковке | D104: Расходные материалы | E104: 4 | F104: шт ( на 1 раб.место) | G104: 40
A105: 11 | B105: Салфетки стерильные марлевые медицинские 2 | C105: Салфетки марлевые двуслойные 45х29 см5 штук в упаковке | D105: Расходные материалы | E105: 4 | F105: шт ( на 1 раб.место) | G105: 40
A106: 12 | B106: Полотенца для рук | C106: Полотенца для рук Z-укладка 2-х слойные в упаковке 1 рулон | D106: Расходные материалы | E106: 4 | F106: шт ( на 1 раб.место) | G106: 40
... A132: 38 | B132: Бланк учетной формы № 0-30/у | C132: Контрольная карта диспансерного наблюдения | D132: Медицинская документация | E132: 1 | F132: шт (на 1 конкурсанта) | G132: 10

Sheet Расходные материалы
A1: Инфраструктурный лист для оснащения конкурсной площадки
A2: ='Информация о Чемпионате'!B4 -> Финальный этап Чемпионатного движения по профессиональному мастерству «Профессионалы» в 2026 г
A3: по компетенции
A4: ='Информация о Чемпионате'!B3 -> Фельдшер по медицинской реабилитации
A5: Основная информация о конкурсной площадке:
A6: Субъект Российской Федерации: | C6: ='Информация о Чемпионате'!B5 -> Санкт-Петербург
A7: Базовая организация расположения конкурсной площадки: | D7: ='Информация о Чемпионате'!B6 -> Конгрессно-выставочный центр «Экспофорум»
A8: Адрес базовой организации: | C8: ='Информация о Чемпионате'!B7 -> Санкт-Петербург, Петербургское шоссе, 64/1
A9: Главный эксперт: | C9: ='Информация о Чемпионате'!B9 -> Бахтина Ирина Сергеевна | E9: ='Информация о Чемпионате'!B10 -> ibakhtina@yandex.ru | G9: ='Информация о Чемпионате'!B11 -> 8(921)9074717
A10: Технический администратор площадки: | C10: ='Информация о Чемпионате'!B12 -> 0 | E10: ='Информация о Чемпионате'!B13 -> 0 | G10: ='Информация о Чемпионате'!B14 -> 0
A11: Количество экспертов (ЭН+ГЭ+ИЭ) + ТАП: | C11: ='Информация о Чемпионате'!B17 -> 33
A12: Количество конкурсантов: | C12: ='Информация о Чемпионате'!B15 -> 10
A13: Количество рабочих мест: | C13: ='Информация о Чемпионате'!B16 -> 10
A14: Даты проведения: | C14: ='Информация о Чемпионате'!B8 -> 29.11.2026 - 04.12.2026
A15: Расходные материалы на всех конкурсантов и экспертов
A16: № | B16: Наименование | C16: Краткие (рамочные) технические характеристики | D16: Вид | E16: Количество на одного участника | F16: Единица измерения | G16: Итоговое количество | H16: Рекомендации представителей индустрии (указывается конкретное оборудование)
A17: 1 | B17: Бумага офисная А4 | C17: 500 листов/пачка | D17: Расходные материалы | E17: 1 | F17: пачка | G17: 5
A18: 2 | B18: Степлер канцелярский | C18: До 50 листов, тип и размер скоб для степлера: 24/6, 24/8, 26/6 | D18: Расходные материалы | E18: 1 | F18: шт. | G18: 2
A19: 3 | B19: Скобы к степлеру | C19: 500 шт./упак | D19: Расходные материалы | E19: 1 | F19: упак. | G19: 2
A20: 4 | B20: Файл-вкладыш А4 | C20: 50 шт./упак | D20: Расходные материалы | E20: 1 | F20: упак. | G20: 3
A21: 5 | B21: Папка-планшет с зажимом | C21: А4 | D21: Расходные материалы | E21: 1 | F21: шт. | G21: 10
A22: 6 | B22: Папка-скоросшиватель | C22: Формат А4 Вид механизма стандартный (усики) Плотность/толщина материала 0.1/0.12 мм Ширина корешка, мм 15 Вместимость до 100 листов | D22: Расходные материалы | E22: 1 | F22: шт. | G22: 20
A23: 7 | B23: Папка на кольцах 75 мм | C23: А4, ПВХ | D23: Расходные материалы | E23: 1 | F23: шт. | G23: 4
A24: 8 | B24: Ручка шариковая | C24: синие чернила, толщина линии 0.5 мм | D24: Расходные материалы | E24: 1 | F24: шт. | G24: 20
A25: 9 | B25: Карандаш простой | C25: Твердость грифеля: HB (ТМ). Материал корпуса: дерево/пластик | D25: Расходные материалы | E25: 1 | F25: шт. | G25: 20
A26: 10 | B26: Точилка | C26: Контейнер для стружки:есть | D26: Расходные материалы | E26: 1 | F26: шт. | G26: 2
A27: 11 | B27: Ластик | C27: Тип материала - термопластичная резина (ТПР) | D27: Расходные материалы | E27: 1 | F27: шт. | G27: 3
A28: 12 | B28: Ножницы канцелярские | C28: Материал - Сталь, Пластик; длина лезвий 21см. | D28: Расходные материалы | E28: 1 | F28: шт. | G28: 5
... A33: 17 | B33: Мешки для мусора | C33: Объем:60 л Длина:700 мм Ширина:600 мм Толщина:60 мкм Количество в упаковке:10 шт. | D33: Расходные материалы | E33: 1 | F33: упак. | G33: 3
A34: 18 | B34: Стакан одноразовый 200 мл | C34: Пластиковый (полипропилен (ПП)), белый/прозрачный | D34: Расходные материалы | E34: 1 | F34: шт. | G34: =300*E34 -> 300
A35: 19 | B35: Бумажные стаканчики для горячей воды | C35: Стакан для горячих напитков 250мл, крафт, диаметром 80мм, 50 шт. в упаковке | D35: Расходные материалы | E35: 1 | F35: шт. | G35: 3
A36: Охрана труда
A37: № | B37: Наименование | C37: Краткие (рамочные) технические характеристики | D37: Вид | E37: Количество на одного участника | F37: Единица измерения | G37: Итоговое количество | H37: Рекомендации представителей индустрии (указывается конкретное оборудование)
A38: 1 | B38: Салфетки влажные антибактериальные | C38: Количество в упаковке:150 шт. Материал: нетканый материал | D38: Расходные материалы | E38: 1 | F38: упак. | G38: 3
A39: 2 | B39: Вода питьевая для кулера | C39: Бутыль, объем 19 литров | D39: Расходные материалы | E39: 1 | F39: шт. | G39: 4
A40: 3 | B40: СИЗ | C40: Специальная одежда и обувь | D40: Расходные материалы | E40: 1 | F40: шт. | G40: 1
A41: 4 | B41: Перчатки х/б | C41: Строительные, плотные | D41: Расходные материалы | E41: 1 | F41: шт. | G41: 2

Sheet Личный инструмент конкурсанта
A1: Инфраструктурный лист для оснащения конкурсной площадки
A2: ='Информация о Чемпионате'!B4 -> Финальный этап Чемпионатного движения по профессиональному мастерству «Профессионалы» в 2026 г
A3: по компетенции
A4: ='Информация о Чемпионате'!B3 -> Фельдшер по медицинской реабилитации
A5: Личный инструмент конкурсанта не предусмотрен
A6: № | B6: Наименование | C6: Краткие (рамочные) технические характеристики | D6: Вид | E6: Количество | F6: Единица измерения | G6: Примечание
A7: 1 | B7: телефон мобильный | C7: с выходом в систему Интернет | E7: 1 | F7: шт | G7: используется личный телефон конкурсанта
A8: 2
A9: 3
A10: 4
A11: 5
A12: 6
